 Dungeon Crawl Stone Soup version 0.29-a0-320-g9f8742066b (webtiles) character file.

Game seed: 17507157854731996036

160 sokol815 the Thaumaturge (level 5, 0/37 HPs)
             Began as a Gnoll Wanderer on Apr 3, 2022.
             Was a High Priest of Ignis.
             Slain by a water moccasin (2 damage)
             ... on level 7 of the Dungeon.
             The game lasted 00:06:13 (3565 turns).

sokol815 the Thaumaturge (Gnoll Wanderer)           Turns: 3565, Time: 00:06:14

Health: 0/37       AC:  8    Str: 12    XL:     5   Next: 41%
Magic:  16/16      EV:  5    Int: 20    God:    Ignis [*****.]
Gold:   162        SH:  0    Dex: 10    Spells: 21/22 levels left

rFire   + . .      SeeInvis .   a - +1 long sword (elec)
rCold   . . .      Faith    .   (no shield)
rNeg    . . .      Spirit   .   f - +0 chain mail
rPois   .          Reflect  .   (no helmet)
rElec   .          Harm     .   (no cloak)
rCorr   .          Rampage  .   (no gloves)
Will    .....                   (no boots)
Stlth   ..........              (no amulet)
HPRegen 0.12/turn               I - +6 ring of intelligence
MPRegen 0.15/turn               (no ring)

@: lethally poisoned (0 -> -3)
A: fangs 1, strong nose, distributed training
a: Renounce Religion, Fiery Armour, Foxfire Swarm, Rising Flame


You were on level 7 of the Dungeon.
You worshipped Ignis.
Ignis was extremely pleased with you.
You visited 1 branch of the dungeon, and saw 5 of its levels.

You collected 162 gold pieces.

Inventory:

Hand Weapons
 a - a +1 long sword of electrocution (weapon)
   (You found it on level 2 of the Dungeon)
 b - a +0 vorpal shortbow
 c - a +0 war axe
   (You took it off a hobgoblin on level 2 of the Dungeon)
 i - a +0 dagger of holy wrath
   (You took it off a kobold on level 3 of the Dungeon)
 l - a +0 dagger of venom
   (You took it off an orc on level 3 of the Dungeon)
Missiles
 g - 5 boomerangs
 s - 36 stones
Armour
 d - a +0 robe
 e - a +0 ring mail
   (You found it on level 2 of the Dungeon)
 f - a +0 chain mail (worn)
   (You found it on level 2 of the Dungeon)
Jewellery
 I - a +6 ring of intelligence (left hand)
   (You found it on level 2 of the Dungeon)
Wands
 j - a wand of polymorph (5)
   (You found it on level 7 of the Dungeon)
 q - a wand of flame (7)
Scrolls
 h - a scroll of brand weapon
 k - a scroll of immolation {unknown}
 Y - a scroll of teleportation {@r3}
Potions
 R - a potion of resistance
 U - 2 potions of mutation {!q}


   Skills:
 + Level 1.4 Fighting
 + Level 1.4 Short Blades
 + Level 1.4 Long Blades
 + Level 1.4 Axes
 + Level 1.4 Maces & Flails
 + Level 1.4 Polearms
 + Level 1.4 Staves
 + Level 1.4 Slings
 + Level 3.0 Bows
 + Level 1.4 Crossbows
 + Level 1.4 Throwing
 + Level 1.4 Armour
 + Level 1.4 Dodging
 + Level 2.7 Stealth
 + Level 1.4 Shields
 + Level 1.4 Unarmed Combat
 + Level 9.4 Spellcasting
 + Level 1.1 Conjurations
 + Level 1.1 Hexes
 + Level 1.1 Summonings
 + Level 1.1 Necromancy
 + Level 1.1 Translocations
 + Level 1.1 Transmutations
 + Level 1.1 Fire Magic
 + Level 1.1 Ice Magic
 + Level 1.1 Air Magic
 + Level 1.1 Earth Magic
 + Level 1.1 Poison Magic
 + Level 1.6 Invocations
 + Level 6.7 Evocations


You had 21 spell levels left.
You knew the following spells:

 Your Spells              Type           Power      Damage    Failure   Level
a - Summon Small Mammal   Summ           56%        N/A       89%         1

Your spell library contained the following spells:

 Spells                   Type           Power      Damage    Failure   Level
 Poisonous Vapours        Pois/Air       28%        N/A       96%         2
 Static Discharge         Conj/Air       14%        N/A       96%         2
 Call Canine Familiar     Summ           14%        N/A       99%         3


Dungeon Overview and Level Annotations

Branches:
Dungeon (4/15)
 Temple: D:4-7

Altars:
Ashenzari
Ru
Trog
Ignis

Annotations:
D:3 Pargi, Sigmund


Innate Abilities, Weirdness & Mutations

You have very sharp teeth.
Your uncanny sense of smell can sniff out nearby items.
Your experience applies equally to all skills.


Message History

You see here a +0 short sword.
There is an escape hatch in the ceiling here.
A mysterious force pulls you upwards. The hatch slams shut behind you.
(D) Dungeon
Where to? (Enter - D:2 @ (x,y), ? - help)
There is a stone staircase leading down here.
You climb downwards.
There is a stone staircase leading up here.
There is an escape hatch in the floor, spattered with blood here.
There is a stone staircase leading down here.
You climb downwards.
Level annotation: Pargi, Sigmund
There is a stone staircase leading up here.
There is a stone staircase leading up here.
You climb upwards.
There is a stone staircase leading down here.
Done exploring.
You climb downwards.
Level annotation: Pargi, Sigmund
There is a stone staircase leading up here.
There is a stone staircase leading down here.
You climb downwards.
A sourceless malevolence fills the Dungeon...
You fall into a shaft and drop 3 floors!
The shaft crumbles and collapses.
A steam dragon comes into view.
As you read the scroll of teleportation {@r3}, it crumbles to dust.
You feel strangely unstable. The steam dragon bites you.
The steam dragon claws you but does no damage.
You take 1 damage, and have 36/37 hp.
Your surroundings suddenly seem different.
Found a copper wand.
Found a stone staircase leading down.
Health restored: 37
g - 5 boomerangs (gained 2)
j - a wand of polymorph (5);
c - a +0 war axe
Found a broken altar of Ashenzari.
A white imp comes into view.
The white imp shouts!
A jelly comes into view.
Found a stone staircase leading up.
The jelly quivers.
The white imp gestures at you. The puff of frost hits you.
The jelly moves out of view.
You take 4 damage, and have 33/37 hp.
You hit the white imp.
Lightning courses through the white imp!!
You kill the white imp!
You hit the jelly.
Your hands burn!
Your bite misses the jelly. The jelly hits you.
You are splashed with acid!
You take 9 damage, and have 24/37 hp.
MASSIVE DAMAGE!!
You slash the jelly!
Your hands burn!
The jelly hits you but does no damage. x2
You take 4 damage, and have 20/37 hp.
You barely miss the jelly. The jelly hits you but does no damage.
You hit the jelly.
You kill the jelly!
Your Bows skill increases to level 3!
You start resting.
Health restored: 37
There is a stone staircase leading up here.
There is a stone staircase leading up here.
A water moccasin comes into view.
The water moccasin hisses angrily.
You barely miss the water moccasin.
The water moccasin bites you but does no damage.
The water moccasin bites you.
You take 4 damage, and have 33/37 hp.
You closely miss the water moccasin.
The water moccasin bites you but does no damage.
The water moccasin bites you.
You take 2 damage, and have 31/37 hp.
You closely miss the water moccasin. The water moccasin bites you.
You are poisoned.
The water moccasin poisons you!
You take 2 damage, and have 29/37 hp.
You closely miss the water moccasin.
You feel very sick. The water moccasin bites you! The water moccasin bites you.
You take 12 damage, and have 17/37 hp.
MASSIVE DAMAGE!!
You hit the water moccasin.
You feel very sick.
The water moccasin bites you but does no damage.
The water moccasin bites you!
* * * LOW HITPOINT WARNING * * *
You take 11 damage, and have 6/37 hp.
MASSIVE DAMAGE!!
You hit the water moccasin.
* * * LOW HITPOINT WARNING * * *
You feel sick. The water moccasin barely misses you.
The water moccasin bites you but does no damage.
Unknown command.
You take 2 damage, and have 4/37 hp.
You barely miss the water moccasin. Your bite misses the water moccasin.
* * * LOW HITPOINT WARNING * * *
You feel sick.
The water moccasin bites you but does no damage.
The water moccasin bites you.
You die...

#....####### #.......
##.##.................
#.....................
#..##<.###.#####......
#.[ #..# # #...... #..
#..# #.##... #.. #..#
∆ .. ... #.. #..######
#.. #@S...... #..
#..###### #:.# #.?#
#..# .... ####


You could see a water moccasin.

Vanquished Creatures
  A jelly (D:7)
  An orc wizard (D:3)
  4 adders (D:2)
  A white imp (D:7)
  4 orcs (D:3)
  3 bats (D:2)
  6 endoplasms
  2 giant cockroaches
  4 goblins
  8 hobgoblins
  2 jackals (D:1)
  9 kobolds
  3 quokkas (D:2)
  4 ball pythons
  3 frilled lizards (D:1)
  4 rats
59 creatures vanquished.

Notes
Turn   | Place    | Note
-------+----------+-------------------------------------------
     0 | D:1      | Reached skill level 9 in Spellcasting
     0 | D:1      | sokol815 the Gnoll Wanderer began the quest for the Orb.
     0 | D:1      | sokol815 set off with the following items: a +0 shortbow, a
                  | +0 robe, a wand of flame (7), a potion of mutation {!q};
                  | and the following spell memorised: Summon Small Mammal; and
                  | the following spells available to memorise: Poisonous
                  | Vapours, Static Discharge, Call Canine Familiar
     0 | D:1      | Reached XP level 1. HP: 13/13 MP: 10/10
   102 | D:1      | Found a faded altar of an unknown god.
   140 | D:1      | Prayed at the altar of an unknown god.
   140 | D:1      | Became a worshipper of Ignis, the Dying Flame
   322 | D:1      | Reached XP level 2. HP: 19/19 MP: 12/12
   569 | D:1      | Reached XP level 3. HP: 25/25 MP: 13/13
  1089 | D:2      | Reached skill level 1 in Invocations
  1518 | D:2      | Reached skill level 1 in Fighting
  1518 | D:2      | Reached skill level 1 in Short Blades
  1518 | D:2      | Reached skill level 1 in Long Blades
  1518 | D:2      | Reached skill level 1 in Axes
  1518 | D:2      | Reached skill level 1 in Maces & Flails
  1518 | D:2      | Reached skill level 1 in Polearms
  1518 | D:2      | Reached skill level 1 in Staves
  1518 | D:2      | Reached skill level 1 in Slings
  1518 | D:2      | Reached skill level 1 in Crossbows
  1518 | D:2      | Reached skill level 1 in Throwing
  1518 | D:2      | Reached skill level 1 in Armour
  1518 | D:2      | Reached skill level 1 in Dodging
  1518 | D:2      | Reached skill level 1 in Shields
  1518 | D:2      | Reached skill level 1 in Unarmed Combat
  1581 | D:2      | Reached XP level 4. HP: 13/32 MP: 15/15
  1582 | D:2      | HP: 8/32 [poisoned by an adder]
  1583 | D:2      | HP: 3/32 [goblin/sling bullet (4)]
  1584 | D:2      | HP: 1/32 [goblin/sling bullet (2)]
  1971 | D:2      | HP: 8/32 [poisoned by an adder]
  1974 | D:2      | HP: 2/32 [poisoned by an adder]
  1980 | D:2      | HP: 8/32 [adder (3)]
  2232 | D:2      | Found a sacrificial altar of Ru.
  2246 | D:2      | Reached skill level 1 in Conjurations
  2246 | D:2      | Reached skill level 1 in Hexes
  2246 | D:2      | Reached skill level 1 in Summonings
  2246 | D:2      | Reached skill level 1 in Necromancy
  2246 | D:2      | Reached skill level 1 in Translocations
  2246 | D:2      | Reached skill level 1 in Transmutations
  2246 | D:2      | Reached skill level 1 in Fire Magic
  2246 | D:2      | Reached skill level 1 in Ice Magic
  2246 | D:2      | Reached skill level 1 in Air Magic
  2246 | D:2      | Reached skill level 1 in Earth Magic
  2246 | D:2      | Reached skill level 1 in Poison Magic
  2767 | D:3      | Found a bloodstained altar of Trog.
  2797 | D:3      | Noticed Sigmund
  2964 | D:3      | Reached XP level 5. HP: 36/37 MP: 16/16
  2971 | D:3      | HP: 9/37 [orc/+0 dagger (2)]
  3235 | D:3      | Noticed Pargi
  3368 | D:4      | You fall into a shaft and drop 3 floors!
  3368 | D:7      | Noticed a steam dragon
  3397 | D:7      | Found a broken altar of Ashenzari.
  3412 | D:7      | Reached skill level 3 in Bows
  3557 | D:7      | Noticed a water moccasin
  3563 | D:7      | HP: 6/37 [water moccasin (8)]
  3565 | D:7      | HP: 2/37 [poisoned by a water moccasin]
  3565 | D:7      | Slain by a water moccasin

Illustrated notes

Levels and vault maps discovered:
D:1:      matt_arrival_debris, layout_basic,
          shapermc_ecumenical_altar_notcrosses, st_stairs_6
D:2:      kb_forest_paths, layout_rooms, basic_altar
D:3:      layout_loops_cross, mainiacjoe_overflow_chevrons, uniq_jessica,
          uniq_sigmund, uniq_pargi
D:4:      kennysheep_big_flooded_room, layout_rooms,
          mainiacjoe_overflow_cross_hatched, nicolae_overflow_hidden_temple,
          serial_shops, shop
D:7:      layout_loops_ring, lemuel_crystal_altar, serial_shops,
          nicolae_shop_trees

Skill      XL: |  1  2  3  4  5 |
---------------+----------------+-----
Spellcasting   | |  9.4
Invocations    | 1 |  1.6
Fighting       | 1 |  1.4
Short Blades   | 1 |  1.4
Long Blades    | 1 |  1.4
Axes           | 1 |  1.4
Maces & Flails | 1 |  1.4
Polearms       | 1 |  1.4
Staves         | 1 |  1.4
Slings         | 1 |  1.4
Crossbows      | 1 |  1.4
Throwing       | 1 |  1.4
Armour         | 1 |  1.4
Dodging        | 1 |  1.4
Shields        | 1 |  1.4
Unarmed Combat | 1 |  1.4
Conjurations   | 1 |  1.1
Hexes          | 1 |  1.1
Summonings     | 1 |  1.1
Necromancy     | 1 |  1.1
Translocations | 1 |  1.1
Transmutations | 1 |  1.1
Fire Magic     | 1 |  1.1
Ice Magic      | 1 |  1.1
Air Magic      | 1 |  1.1
Earth Magic    | 1 |  1.1
Poison Magic   | 1 |  1.1
Bows           | 3 |  3.0
Stealth        | |  2.7
Evocations     | |  6.7

Action                   |  1- 3 |  4- 6 || total
-------------------------+-------+-------++-------
Melee: Long sword        |    37 |    80 ||   117
       Bite              |     1 |     3 ||     4
 Fire: Shortbow          |    75 |       ||    75
  Use: Scroll            |     6 |     2 ||     8
       Potion            |       |     3 ||     3
 Stab: Sleeping          |     1 |       ||     1
Armor: Robe              |     8 |       ||     8
       Chain mail        |    33 |    59 ||    92
       Ring mail         |     2 |       ||     2
Dodge: Dodged            |    32 |    33 ||    65

Table legend: (Time is in decaauts)
 A = Elapsed time spent in this place.
 B = Non-inter-level travel time spent in this place.
 C = Inter-level travel time spent in this place.
 D = Time resting spent in this place.
 E = Time spent auto-exploring this place.
 F = Levels seen in this place.
 G = Mean time per level.
                   A        B        C        D        E       F      G
               +--------+--------+--------+--------+--------+-----+--------+
         Total |   3640 |   3431 |    209 |    939 |   1883 |   5 |  728.0 |
       Dungeon |   3640 |   3431 |    209 |    939 |   1883 |   5 |  728.0 |
               +--------+--------+--------+--------+--------+-----+--------+

Top non-repeatable levels by time:
     D:2: 1650 daAuts
     D:1: 1072 daAuts
     D:3: 717 daAuts
     D:7: 200 daAuts

Table legend:
 A = Kills in this place as a percentage of kills in entire the game.
 B = Kills by you in this place as a percentage of kills by you in the entire game.
 C = Kills by friends in this place as a percentage of kills by friends in the entire game.
 D = Other kills in this place as a percentage of other kills in the entire game.
 E = Experience gained in this place as a percentage of experience gained in the entire game.
 F = Experience gained in this place divided by the number of levels of this place that you have seen.
                   A       B       C       D       E      F
               +-------+-------+-------+-------+-------+----------------------
         Total | 100.0 | 100.0 |   N/A |   N/A | 100.0 |  45.8
       Dungeon | 100.0 | 100.0 |   N/A |   N/A | 100.0 |  45.8
               +-------+-------+-------+-------+-------+----------------------
